 Dungeon Crawl Stone Soup version 0.29.1-15-g9cfb28693d (webtiles) character file.

Game seed: 6628043082972444379

67 nagelbytes the Ruffian (level 4, -4/37 HPs)
             Began as a Ghoul Warper on Mar 30, 2023.
             Slain by Crazy Yiuf
             ... wielding a +4 quarterstaff of chaos
              (12 damage)
             ... on level 2 of the Dungeon.
             The game lasted 00:05:39 (2214 turns).

nagelbytes the Ruffian (Ghoul Warper)               Turns: 2214, Time: 00:05:40

Health: -4/37      AC:  3    Str: 16    XL:     4   Next: 18%
Magic:  3/5        EV: 12    Int:  8    God:
Gold:   50         SH:  0    Dex: 14    Spells: 5/6 levels left

rFire   . . .      SeeInvis .     - Unarmed
rCold   + . .      Faith    .   (no shield)
rNeg    + + +      Spirit   .   a - +0 leather armour
rPois   ∞          Reflect  .   (no helmet)
rElec   .          Harm     .   (no cloak)
rCorr   .          Rampage  .   (no gloves)
Will    .....                   (no boots)
Stlth   +.........              (no amulet)
HPRegen 0.00/turn               j - +6 ring of dexterity
MPRegen 0.09/turn               h - ring of wizardry

@: inhibited regen
A: claws 1, cold resistance 1, negative energy resistance 3, inhibited
regeneration, torment resistance 2, devour on kill
a: no special abilities


You were on level 2 of the Dungeon.
You visited 1 branch of the dungeon, and saw 2 of its levels.

You collected 50 gold pieces.

Inventory:

Missiles
 c - 5 boomerangs of dispersal (quivered)
Armour
 a - a +0 leather armour (worn)
Jewellery
 h - a ring of wizardry (right claw)
 j - a +6 ring of dexterity (left claw)
 l - a ring of positive energy
 o - a ring of wizardry
Scrolls
 b - a scroll of blinking
 e - a scroll of brand weapon {unknown}
 g - a scroll of poison {unknown}
 m - a scroll of identify {unknown}
 n - a scroll of noise {unknown}
 q - a scroll of immolation {unknown}
 s - a scroll of teleportation {unknown}
Potions
 d - a potion of degeneration {unknown}
 f - a potion of invisibility {unknown}
 i - a potion of lignification {unknown}
 k - a potion of curing {unknown}
 p - a potion of ambrosia {unknown}
 r - a potion of mutation {unknown}


   Skills:
 * Level 2.5 Fighting
 + Level 0.9 Throwing
 + Level 1.3 Armour
 + Level 2.0 Dodging
 + Level 0.2 Stealth
 * Level 3.7 Unarmed Combat
 + Level 1.8 Spellcasting
 + Level 3.0 Translocations


You had 5 spell levels left.
You knew the following spells:

 Your Spells              Type           Power      Damage    Failure   Level
a - Foxfire               Conj/Fire      0%         2x1d4     17%         1

Your spell library contained the following spells:

 Spells                   Type           Power      Damage    Failure   Level
 Blink                    Tloc           10%        N/A       9%          2
 Gell's Gravitas          Tloc           5%         N/A       16%         3
 Lesser Beckoning         Tloc           5%         N/A       16%         3
 Teleport Other           Tloc           5%         N/A       16%         3
 Magic Dart               Conj           0%         1d3       17%         1
 Searing Ray              Conj           0%         2d4       26%         2
 Conjure Flame            Conj/Fire      0%         6-21      45%         3
 Inner Flame              Hex/Fire       0%         N/A       45%         3
 Manifold Assault         Tloc           5%         N/A       78%         5
 Flame Wave               Conj/Fire      0%         2d4       85%         4
 Fulminant Prism          Conj/Hex       0%         3d6       85%         4


Dungeon Overview and Level Annotations

Branches:
Dungeon (2/15)

Altars:

Annotations:
D:2 Crazy Yiuf


Innate Abilities, Weirdness & Mutations

You are immune to poison.
You have sharp fingernails.
Your flesh is cold resistant. (rC+)
You are immune to negative energy. (rN+++)
You do not regenerate when monsters are visible.
You are immune to unholy pain and torment.
You thrive by killing the living.


Message History

You scratch the bat.
You kill the bat!
You feel better.
No target in view!
Found a hammer.
Found four hammers.
Found a runed translucent door.
You see here a +0 hammer.
Crazy Yiuf shouts!
You see here a +0 hammer.
Could not explore, unopened runed door.
You open the door.
You scratch Crazy Yiuf but do no damage.
Crazy Yiuf hits you with a +4 quarterstaff of chaos!
You barely miss Crazy Yiuf. Crazy Yiuf closely misses you.
You closely miss Crazy Yiuf.
Crazy Yiuf hits you with a +4 quarterstaff of chaos.
You barely miss Crazy Yiuf. Crazy Yiuf closely misses you.
You scratch Crazy Yiuf.
Crazy Yiuf is lightly wounded.
Crazy Yiuf hits you with a +4 quarterstaff of chaos.
You feel your power leaking away.
You scratch Crazy Yiuf.
Crazy Yiuf is moderately wounded.
You closely miss Crazy Yiuf.
Crazy Yiuf is moderately wounded.
Crazy Yiuf hits you with a +4 quarterstaff of chaos!
* * * LOW HITPOINT WARNING * * *
Crazy Yiuf burns you.
* * * LOW HITPOINT WARNING * * *
You are too injured to fight recklessly!
You are too injured to fight recklessly!
You are too injured to fight recklessly!
You are too injured to fight recklessly!
You are too injured to fight recklessly!
You are too injured to fight recklessly!
You are too injured to fight recklessly!
You closely miss Crazy Yiuf.
Crazy Yiuf is moderately wounded.
Crazy Yiuf hits you with a +4 quarterstaff of chaos!
You die...

......###.....##########
.###### ##..#.# .#
##...# .####### #####
.......# ######.###♣♣♣♣♣
#.#....♣)♣♣♣ ###
#.......♣..♣#...#
#......♣♣♣♣@g)..#
##....♣♣ ♣♣#.))# ####♣♣
###


You could see Crazy Yiuf.

Vanquished Creatures
  An adder (D:2)
  A worm (D:2)
  5 endoplasms
  3 goblins
  12 hobgoblins
  4 jackals (D:2)
  3 quokkas (D:1)
  3 ball pythons
  8 bats
  2 kobolds
  7 rats
49 creatures vanquished.

Vanquished Creatures (others)
  4 foxfires
4 creatures vanquished.

Grand Total: 53 creatures vanquished

Notes
Turn   | Place    | Note
-------+----------+-------------------------------------------
     0 | D:1      | nagelbytes the Ghoul Warper began the quest for the Orb.
     0 | D:1      | Reached XP level 1. HP: 17/17 MP: 2/2
    87 | D:1      | Learned a level 1 spell: Foxfire
   113 | D:1      | Reached skill level 1 in Armour
   118 | D:1      | Reached XP level 2. HP: 5/24 MP: 3/3
  1084 | D:1      | Reached XP level 3. HP: 25/30 MP: 4/4
  2029 | D:2      | Reached XP level 4. HP: 37/37 MP: 5/5
  2202 | D:2      | Found a runed translucent door.
  2203 | D:2      | Noticed Crazy Yiuf
  2214 | D:2      | Slain by Crazy Yiuf

Illustrated notes

Levels and vault maps discovered:
D:1:      lordsloth_arrival_two_stooges, layout_basic
D:2:      layout_rooms, uniq_crazy_yiuf_cottage

Skill      XL: |  1  2  3  4 |
---------------+-------------+-----
Armour         | 1 |  1.3
Translocations | 3 |  3.0
Unarmed Combat | 3 |  3.7
Dodging        | 2 |  2.0
Fighting       | |  2.5
Throwing       | |  0.9
Stealth        | |  0.2
Spellcasting   | |  1.8

Action                   |  1- 3 |  4- 6 || total
-------------------------+-------+-------++-------
Melee: Unarmed           |   150 |    27 ||   177
       Punch             |     5 |       ||     5
Throw: Boomerang         |     2 |       ||     2
 Cast: Foxfire           |     3 |       ||     3
Armor: Leather armour    |    40 |     2 ||    42
Dodge: Dodged            |    96 |    10 ||   106
